 Dungeon Crawl Stone Soup version 0.21-a0-624-g16f8e2cdda (webtiles) character file.

55 MirrMurr the Skirmisher (level 3, -2/60 HPs)
             Began as an Ogre Berserker on Dec 24, 2017.
             Was a Believer of Trog.
             Slain by a gnoll
             ... wielding a +0 spear
              (5 damage)
             ... on level 2 of the Dungeon.
             The game lasted 00:02:58 (875 turns).

MirrMurr the Skirmisher (Ogre Berserker)             Turns: 875, Time: 00:02:58

Health: -2/60      AC:  3    Str: 26    XL:     3   Next: 93%
Magic:  3/3        EV:  6    Int:  8    God:    Trog [**....]
Gold:   57         SH: 13    Dex:  9    Spells: 2/2 levels left

rFire    . . .     SeeInvis .   a - +0 mace
rCold    . . .     Gourm    .   d - +0 large shield
rNeg     . . .     Faith    .   b - +0 animal skin
rPois    .         Spirit   .   (helmet restricted)
rElec    .         Reflect  .   (no cloak)
rCorr    .         Harm     .   (gloves unavailable)
MR       .....                  (boots unavailable)
Stlth    ..........             (no amulet)
HPRegen  0.20/turn              (no ring)
MPRegen  0.08/turn              (no ring)

@: berserking (expiring), very quick
A: large, unfitting armour, tough skin 1
a: Berserk, Trog's Hand, Burn Spellbooks, Renounce Religion


You were on level 2 of the Dungeon.
You worshipped Trog.
Trog was pleased with you.
You were very hungry.

You visited 1 branch of the dungeon, and saw 2 of its levels.

You collected 57 gold pieces.

Inventory:

Hand Weapons
 a - a +0 mace (weapon)
 l - a +0 hunting sling
Missiles
 i - 7 tomahawks (quivered)
 j - 36 stones
 n - 15 sling bullets
 q - 4 large rocks
Armour
 b - a +0 animal skin (worn)
 d - a +0 large shield (worn)
Jewellery
 g - a cursed -3 ring of dexterity {unknown}
 m - an uncursed ring of see invisible {unknown}
Scrolls
 r - a scroll of fear {unknown}
Potions
 e - a potion of flight {unknown}
 h - 2 potions of invisibility {unknown}
 k - 2 potions of degeneration {unknown}
 o - a potion of ambrosia {unknown}
 p - a potion of mutation {unknown}
 s - a potion of curing {unknown}
Comestibles
 c - 4 rations
 f - 3 chunks of flesh


   Skills:
 + Level 4.5 Fighting
 * Level 3.3 Maces & Flails
 + Level 1.3 Throwing
 - Level 2.7 Dodging
 + Level 1.0 Shields


You had 2 spell levels left.
You didn't know any spells.

Dungeon Overview and Level Annotations

Branches:
Dungeon (2/15)

Altars:


Innate Abilities, Weirdness & Mutations

You are too large for most types of armour.
You have tough skin. (AC +1)


Message History

The gnoll is lightly wounded.
The gnoll hits you from afar with a spear.
The gnoll hits you with a club.
You hit the gnoll.
The gnoll is lightly wounded.
The gnoll hits you from afar with a spear!
* * * LOW HITPOINT WARNING * * *
You block the gnoll's attack.
You barely miss the gnoll.
The gnoll is lightly wounded.
The gnoll hits you from afar with a spear!
* * * LOW HITPOINT WARNING * * *
You block the gnoll's attack.
Your shield prevents you from hitting the gnoll.
The gnoll is lightly wounded.
You block the gnoll's attack. x2
You closely miss the gnoll.
The gnoll is lightly wounded.
The gnoll hits you from afar with a spear.
You die...

*,*,,*,,,*,***###......##........
,,,****##.#,,,,..................
*,*,,*,..#.#****#.......#........
,,,,,8,...#.#* #.......#........
,,,,,,,....#(#* #................
,,,,,,8.....#.#*#......#.........
,,,,,,,..r...#.##......#.........
,,,,,8,.......#.#...####......)".
,,,,,,,.g......#@...# #......÷..
,,,,,,,.......gg#...# #.........
,,,,,,,........r########.÷.......
**,,,**########.#................
,,,,,**,,,,,,,...................
,,,,,**,,,,,,,...................
,,,,,**,,,,,,...........#.#######
,,,,,**,,,,,,...........#.#******
,,,,,**,,,,,......b........,,,,,,


You could see 2 gnolls and a quokka.

Vanquished Creatures
  2 gnolls (D:2)
  2 dart slugs
  A leopard gecko (D:1)
  4 bats
  2 giant cockroaches (D:1)
  3 goblins
  3 hobgoblins (D:1)
  2 jackals (D:1)
  A quokka (D:2)
  A frilled lizard (D:1)
  3 kobolds
  6 rats
30 creatures vanquished.

Notes
Turn   | Place    | Note
-------+----------+-------------------------------------------
     0 | D:1      | MirrMurr the Ogre Berserker began the quest for the Orb.
     0 | D:1      | Reached XP level 1. HP: 24/24 MP: 1/1
   253 | D:1      | Reached XP level 2. HP: 31/32 MP: 2/2
   509 | D:1      | Reached XP level 3. HP: 33/40 MP: 3/3
   797 | D:2      | Reached skill level 1 in Throwing
   839 | D:2      | Reached ** piety under Trog
   860 | D:2      | Reached skill level 1 in Shields
   873 | D:2      | HP: 3/60 [gnoll/spear (10)]
   875 | D:2      | Slain by a gnoll

Vault maps used:
D:1:      dpeg_arrival_long_road
D:2:      wad_pebble_path, lemuel_round_altar, nicolae_overflow_hidden_temple,
          uniq_sigmund

Skill      XL: |  1  2  3 |
---------------+----------+-----
Maces & Flails | 3 |  3.3
Throwing       | 1 |  1.3
Shields        | 1 |  1.0
Fighting       | |  4.5
Dodging        | |  2.7

Action                   || total
-------------------------++-------
Melee: Mace              ||   114
Invok: Berserk           ||     1
  Use: Scroll            ||     3
Armor: Animal skin       ||    27
Dodge: Dodged            ||    22
Block: Large shield      ||    87

Table legend:
 A = Spawn XP
 B = Non-spawn XP
 C = Spawn XP percentage of total XP
 D = Spawn monster count
 E = Non-spawn monster count
 F = Spawn count percentage of total count
 G = Total turns spent on level
                    A         B        C        D         E        F      G
               +---------+---------+-------+---------+---------+-------+---------
         Total |       0 |      79 |   0.0 |       0 |      30 |   0.0 |   875
               +---------+---------+-------+---------+---------+-------+---------
           D:1 |       0 |      37 |   0.0 |       0 |      20 |   0.0 |   729
           D:2 |       0 |      42 |   0.0 |       0 |      10 |   0.0 |   146
               +---------+---------+-------+---------+---------+-------+---------
